3A
PUT-IN-BAY BC @ ALAMEDA AIRMEN
07/19/2029
 
TOP OF THE 1ST
Put-In-Bay BC batting - Pitching for Alameda Airmen : LHP Ernesto Tamayo
Pitching: LHP Ernesto Tamayo
Batting: RHB Andrew Cantrell 0-0: Ball
1-0: Ball
2-0: Called Strike
2-1: Ball
3-1: Ground out 6-3 (Groundball, 6M)
Batting: RHB Steven Rohrs 0-0: Ball
1-0: Foul Ball, location: 2F
1-1: Called Strike
1-2: Strikes out swinging
Batting: RHB Manny Bendixen 0-0: Foul Ball, location: 2F
0-1: Ball
1-1: Ball
2-1: Ball
3-1: Base on Balls
Batting: SHB Theron Montecalvo 0-0: Ball
1-0: Ball
2-0: Ball
3-0: Called Strike
3-1: Swinging Strike
3-2: Strikes out swinging
Top of the 1st over - 0 runs, 0 hits, 0 errors, 1 left on base; Put-In-Bay 0 - Alameda 0
BOTTOM OF THE 1ST
Alameda Airmen batting - Pitching for Put-In-Bay BC : RHP Jeff Starr
Pitching: RHP Jeff Starr
Batting: RHB Giuseppe Provolone 0-0: Called Strike
0-1: Ball
1-1: Called Strike
1-2: Strikes out swinging
Batting: LHB Ieyoshi Samurakami 0-0: Ground out 5-3 (Groundball, 56S)
Batting: SHB Charles Weber 0-0: Called Strike
0-1: Foul Ball, location: 2F
0-2: Ball
1-2: Ball
2-2: Foul Ball, location: 2F
2-2: Ball
3-2: Foul Ball, location: 2F
3-2: Base on Balls
Batting: LHB Tim O'Neal 0-0: Ball
1-0: Called Strike
1-1: Ball
2-1: Foul Ball, location: 2F
2-2: Ball
3-2: Strikes out looking
Bottom of the 1st over - 0 runs, 0 hits, 0 errors, 1 left on base; Put-In-Bay 0 - Alameda 0
TOP OF THE 2ND
Put-In-Bay BC batting - Pitching for Alameda Airmen : LHP Ernesto Tamayo
Batting: RHB Franklin Kelley 0-0: Ball
1-0: Foul Ball, location: 2F
1-1: Called Strike
1-2: Ball
2-2: SINGLE (Groundball, 56D)
Batting: LHB Vladya Pugiev 0-0: Swinging Strike
0-1: Foul Ball, location: 2F
0-2: Fly out, F3 (Line Drive, 34)
Lined into DP, U3 (Line Drive, 34)
Batting: RHB Brock Dean 0-0: Ball
1-0: Called Strike
1-1: Foul Ball, location: 2F
1-2: Ball
2-2: Fly out, F8 (Flyball, 8LM)
Top of the 2nd over - 0 runs, 1 hit, 0 errors, 0 left on base; Put-In-Bay 0 - Alameda 0
BOTTOM OF THE 2ND
Alameda Airmen batting - Pitching for Put-In-Bay BC : RHP Jeff Starr
Batting: LHB Rodrigo Rodríguez 0-0: Called Strike
0-1: Swinging Strike
0-2: Foul Ball, location: 2F
0-2: Ground out U3 (Groundball, 3)
Batting: RHB Mick Spargo 0-0: Ball
1-0: Foul Ball, location: 2F
1-1: Ball
2-1: Ball
3-1: Swinging Strike
3-2: Foul Ball, location: 2F
3-2: Foul Ball, location: 2F
3-2: Strikes out swinging
Batting: RHB Joaquín Lara 0-0: Fly out, F7 (Line Drive, 78S)
Bottom of the 2nd over - 0 runs, 0 hits, 0 errors, 0 left on base; Put-In-Bay 0 - Alameda 0
TOP OF THE 3RD
Put-In-Bay BC batting - Pitching for Alameda Airmen : LHP Ernesto Tamayo
Batting: RHB Oscar McMillan 0-0: Ball
1-0: Ball
2-0: Ball
3-0: Called Strike
3-1: Called Strike
3-2: Fly out, F8 (Flyball, 8LM)
Batting: RHB Al Grant 0-0: Called Strike
0-1: Swinging Strike
0-2: Ball
1-2: Strikes out swinging
Batting: RHB Andrew Cantrell 0-0: Ball
1-0: Ball
2-0: Ball
3-0: Called Strike
3-1: Base on Balls
Batting: RHB Steven Rohrs 0-0: Called Strike
0-1: Foul Ball, location: 2F
0-2: Fly out, F7 (Flyball, 7LS)
Top of the 3rd over - 0 runs, 0 hits, 0 errors, 1 left on base; Put-In-Bay 0 - Alameda 0
BOTTOM OF THE 3RD
Alameda Airmen batting - Pitching for Put-In-Bay BC : RHP Jeff Starr
Batting: RHB Gerwin Norman 0-0: Ball
1-0: SINGLE (Line Drive, 4MD)
Batting: RHB Mike Capes 0-0: Ball
1-0: Called Strike
1-1: Ball
2-1: Called Strike
2-2: Fly out, F7 (Flyball, 7)
Batting: RHB Giuseppe Provolone 0-0: Ball
1-0: Called Strike
1-1: Ball
2-1: Swinging Strike
2-2: Strikes out swinging
Batting: LHB Ieyoshi Samurakami 0-0: Ball
1-0: Ball
2-0: Called Strike
2-1: Ball
3-1: Ground out 4-3 (Groundball, 4)
Bottom of the 3rd over - 0 runs, 1 hit, 0 errors, 1 left on base; Put-In-Bay 0 - Alameda 0
TOP OF THE 4TH
Put-In-Bay BC batting - Pitching for Alameda Airmen : LHP Ernesto Tamayo
Batting: RHB Manny Bendixen 0-0: Ball
1-0: Swinging Strike
1-1: Ball
2-1: Ball
3-1: Foul Ball, location: 2F
3-2: Foul Ball, location: 2F
3-2: Foul Ball, location: 2F
3-2: Foul Ball, location: 2F
3-2: Strikes out looking
Batting: SHB Theron Montecalvo 0-0: Ball
1-0: Ball
2-0: Foul Ball, location: 2F
2-1: Swinging Strike
2-2: Ball
3-2: Foul Ball, location: 2F
3-2: Strikes out swinging
Batting: RHB Franklin Kelley 0-0: Foul Ball, location: 2F
0-1: Fly out, F3 (Popup, 3F)
Top of the 4th over - 0 runs, 0 hits, 0 errors, 0 left on base; Put-In-Bay 0 - Alameda 0
BOTTOM OF THE 4TH
Alameda Airmen batting - Pitching for Put-In-Bay BC : RHP Jeff Starr
Batting: SHB Charles Weber 0-0: Foul Ball, location: 2F
0-1: Ball
1-1: Called Strike
1-2: Strikes out swinging
Batting: LHB Tim O'Neal 0-0: Foul Ball, location: 2F
0-1: Swinging Strike
0-2: Strikes out swinging
Batting: LHB Rodrigo Rodríguez 0-0: DOUBLE (Line Drive, 8RD)
Batting: RHB Mick Spargo 0-0: Swinging Strike
0-1: Ball
1-1: Ball
2-1: Foul Ball, location: 2F
2-2: Foul Ball, location: 2F
2-2: Ball
3-2: Fly out, F4 (Flyball, 34D)
Bottom of the 4th over - 0 runs, 1 hit, 0 errors, 1 left on base; Put-In-Bay 0 - Alameda 0
TOP OF THE 5TH
Put-In-Bay BC batting - Pitching for Alameda Airmen : LHP Ernesto Tamayo
Batting: LHB Vladya Pugiev 0-0: Ball
1-0: Ball
2-0: Called Strike
2-1: DOUBLE (Flyball, 89D)
Batting: RHB Brock Dean 0-0: DOUBLE (Line Drive, 8LD)
Vladya Pugiev scores
Batting: RHB Oscar McMillan 0-0: Bunt missed!
0-1: Bunt missed!
0-2: Ball
1-2: SINGLE (Line Drive, 34D)
Brock Dean to third
Runner from 3rd tries for Home, SAFE, no throw
Batting: RHB Al Grant 0-0: Called Strike
Pickoff Throw to First - Error! E1
Oscar McMillan to second
0-1: Called Strike
0-2: Foul Ball, location: 2F
0-2: Strikes out looking
Batting: RHB Andrew Cantrell 0-0: Foul Ball, location: 2F
0-1: Ball
1-1: Fly out, F5 (Line Drive, 5)
Batting: RHB Steven Rohrs 0-0: Ball
1-0: SINGLE (Line Drive, 7LM)
Oscar McMillan to third
Runner from 3rd tries for Home, SAFE, no throw
Batting: RHB Manny Bendixen 0-0: Called Strike
0-1: Fielders Choice at 2nd, 6-4 (Groundball, 6)
Top of the 5th over - 3 runs, 4 hits, 1 error, 1 left on base; Put-In-Bay 3 - Alameda 0
BOTTOM OF THE 5TH
Alameda Airmen batting - Pitching for Put-In-Bay BC : RHP Jeff Starr
Batting: RHB Joaquín Lara 0-0: Ball
1-0: Foul Ball, location: 2F
1-1: Ball
2-1: Ball
3-1: Foul Ball, location: 2F
3-2: Base on Balls
Pitching: RHP Tupac Blanch
Batting: RHB Gerwin Norman 0-0: Called Strike
0-1: Swinging Strike
0-2: Ball
1-2: Foul Ball, location: 2F
1-2: Ball
2-2: Strikes out looking
Batting: RHB Mike Capes 0-0: Ball
Joaquín Lara is caught stealing 2nd base
1-0: Fly out, F8 (Flyball, 8RM)
Bottom of the 5th over - 0 runs, 0 hits, 0 errors, 0 left on base; Put-In-Bay 3 - Alameda 0
TOP OF THE 6TH
Put-In-Bay BC batting - Pitching for Alameda Airmen : LHP Ernesto Tamayo
Batting: SHB Theron Montecalvo 0-0: Called Strike
0-1: Ball
1-1: Foul Ball, location: 2F
1-2: Fly out, F7 (Flyball, 7)
Pitching: RHP Orlando Téllez
Batting: RHB Franklin Kelley 0-0: Ball
1-0: Ball
2-0: Ball
3-0: Called Strike
3-1: Swinging Strike
3-2: Strikes out swinging passed ball, reaches first!
Batting: LHB Vladya Pugiev 0-0: Ball
1-0: Called Strike
1-1: Foul Ball, location: 2F
1-2: Ball
2-2: Strikes out swinging
Batting: RHB Brock Dean 0-0: Foul Ball, location: 2F
0-1: Called Strike
0-2: Ball
1-2: Ball
Franklin Kelley steals 2nd base
2-2: Strikes out looking
Top of the 6th over - 0 runs, 0 hits, 0 errors, 1 left on base; Put-In-Bay 3 - Alameda 0
BOTTOM OF THE 6TH
Alameda Airmen batting - Pitching for Put-In-Bay BC : RHP Tupac Blanch
Batting: RHB Giuseppe Provolone 0-0: Fly out, F9 (Line Drive, 9)
Batting: LHB Ieyoshi Samurakami 0-0: SOLO HOME RUN (Flyball, 9D), Distance : 347 ft
Batting: SHB Charles Weber 0-0: Ball
1-0: Fly out, F7 (Flyball, 78M)
Batting: LHB Tim O'Neal 0-0: Fly out, F3 (Popup, 3SF)
Bottom of the 6th over - 1 run, 1 hit, 0 errors, 0 left on base; Put-In-Bay 3 - Alameda 1
TOP OF THE 7TH
Put-In-Bay BC batting - Pitching for Alameda Airmen : RHP Orlando Téllez
Batting: RHB Oscar McMillan 0-0: Called Strike
0-1: Swinging Strike
0-2: Strikes out swinging
Batting: RHB Al Grant 0-0: Foul Ball, location: 2F
0-1: DOUBLE (Line Drive, 78D)
Batting: RHB Andrew Cantrell 0-0: Called Strike
0-1: Ball
1-1: Fly out, F7 (Flyball, 78S)
Batting: RHB Steven Rohrs 0-0: Ball
1-0: Ground out 6-3 (Groundball, 6)
Top of the 7th over - 0 runs, 1 hit, 0 errors, 1 left on base; Put-In-Bay 3 - Alameda 1
BOTTOM OF THE 7TH
Alameda Airmen batting - Pitching for Put-In-Bay BC : RHP Tupac Blanch
Batting: LHB Rodrigo Rodríguez 0-0: Called Strike
0-1: Foul Ball, location: 2F
0-2: Ball
1-2: Foul Ball, location: 2F
1-2: Foul Ball, location: 2F
1-2: Ball
2-2: Ball
3-2: Ground out 3-1 (Groundball, 34S)
Batting: RHB Mick Spargo 0-0: Ball
1-0: Ball
2-0: Foul Ball, location: 2F
2-1: Called Strike
2-2: Strikes out swinging
Batting: RHB Joaquín Lara 0-0: Ball
1-0: Ground out 5-3 (Groundball, 56)
Bottom of the 7th over - 0 runs, 0 hits, 0 errors, 0 left on base; Put-In-Bay 3 - Alameda 1
TOP OF THE 8TH
Put-In-Bay BC batting - Pitching for Alameda Airmen : RHP Orlando Téllez
Batting: RHB Manny Bendixen 0-0: Ball
1-0: Called Strike
1-1: Swinging Strike
1-2: Foul Ball, location: 2F
1-2: Foul Ball, location: 2F
1-2: Ball
2-2: Strikes out swinging
Batting: SHB Theron Montecalvo 0-0: Called Strike
0-1: Foul Ball, location: 2F
0-2: Strikes out looking
Batting: RHB Franklin Kelley 0-0: Ball
1-0: Foul Ball, location: 2F
1-1: Ball
2-1: Called Strike
2-2: Foul Ball, location: 2F
2-2: Ball
3-2: Strikes out swinging
Top of the 8th over - 0 runs, 0 hits, 0 errors, 0 left on base; Put-In-Bay 3 - Alameda 1
BOTTOM OF THE 8TH
Alameda Airmen batting - Pitching for Put-In-Bay BC : RHP Tupac Blanch
Batting: RHB Gerwin Norman 0-0: Called Strike
0-1: Called Strike
0-2: Foul Ball, location: 2F
0-2: Ball
1-2: Strikes out swinging
Batting: RHB Mike Capes 0-0: Called Strike
0-1: Hit by Pitch
Batting: RHB Giuseppe Provolone 0-0: Called Strike
0-1: Swinging Strike
0-2: Ball
1-2: Grounds into double play, 6-4-3 (Groundball, 56)
Bottom of the 8th over - 0 runs, 0 hits, 0 errors, 0 left on base; Put-In-Bay 3 - Alameda 1
TOP OF THE 9TH
Put-In-Bay BC batting - Pitching for Alameda Airmen : RHP Orlando Téllez
Batting: LHB Vladya Pugiev 0-0: SINGLE (Groundball, 6MD)
Batting: RHB Brock Dean 0-0: Sac Bunt - play at first, batter OUT! 2-3
Vladya Pugiev to second
Batting: RHB Oscar McMillan 0-0: Swinging Strike
0-1: Foul Ball, location: 2F
0-2: Reached on error, E6 (Groundball, 56)
Vladya Pugiev to third
Pinch Hitting: RHB Mike Elzey 0-0: Ball
Oscar McMillan is caught stealing 2nd base
1-0: Called Strike
1-1: Foul Ball, location: 2F
1-2: Ball
2-2: Ball
3-2: Foul Ball, location: 2F
3-2: Ground out 6-3 (Groundball, 6)
Top of the 9th over - 0 runs, 1 hit, 1 error, 1 left on base; Put-In-Bay 3 - Alameda 1
BOTTOM OF THE 9TH
Alameda Airmen batting - Pitching for Put-In-Bay BC : RHP Tupac Blanch
Now at C: Jorge Alvarado
Batting: LHB Ieyoshi Samurakami 0-0: Ball
1-0: Foul Ball, location: 2F
1-1: Ball
2-1: SOLO HOME RUN (Flyball, 9D), Distance : 359 ft
Batting: SHB Charles Weber 0-0: Foul Ball, location: 2F
0-1: Ball
1-1: Ball
2-1: SINGLE (Flyball, 9LS)
Batting: LHB Tim O'Neal 0-0: Ball
1-0: SINGLE (Flyball, 7S)
Charles Weber to second
Runner from 2nd tries for 3rd, SAFE, no throw
Batting: LHB Rodrigo Rodríguez 0-0: Called Strike
0-1: Ball
1-1: Foul Ball, location: 2F
1-2: Strikes out swinging
Pinch Hitting: LHB Jean Tannen 0-0: Swinging Strike
0-1: Called Strike
0-2: Ball
1-2: Strikes out looking
Pitching: RHP Keith Hagood
Pinch Hitting: LHB Ed Berry 0-0: Ground out 1-3 (Groundball, 13S)
Bottom of the 9th over - 1 run, 3 hits, 0 errors, 2 left on base; Put-In-Bay 3 - Alameda 2
Tuesday, December 19th, 2017 - OOTP Baseball 18.8 Build 76